 Dungeon Crawl Stone Soup version 0.23.2-1-ga50397a6bc (webtiles) character file.

Game seed: 11730280801341559189

62 Mrkan the Cudgeler (level 3, -7/46 HPs)
             Began as a Draconian Gladiator on May 22, 2019.
             Killed by nerve-wracking pain
             ... invoked by Jessica
              (12 damage)
             ... on level 3 of the Dungeon.
             The game lasted 00:03:56 (1518 turns).

Mrkan the Cudgeler (Draconian Gladiator)            Turns: 1518, Time: 00:03:56

Health: -7/46      AC:  5    Str: 22    XL:     3   Next: 85%
Magic:  3/3        EV: 13    Int:  8    God:
Gold:   118        SH:  0    Dex: 12    Spells: 2/2 levels left

rFire    . . .     SeeInvis .   a - +0 flail
rCold    . . .     Gourm    .   (no shield)
rNeg     . . .     Faith    .   (armour unavailable)
rPois    .         Spirit   .   b - +0 hat
rElec    .         Reflect  .   (no cloak)
rCorr    .         Harm     .   (no gloves)
MR       .....                  (no boots)
Stlth    ..........             (no amulet)
HPRegen  0.15/turn              (no ring)
MPRegen  0.08/turn              (no ring)

@: berserking, very quick
A: unfitting armour, cold-blooded, AC +5
a: no special abilities


You were on level 3 of the Dungeon.
You were not hungry.

You visited 1 branch of the dungeon, and saw 3 of its levels.

You collected 118 gold pieces.

Inventory:

Hand Weapons
 a - a +0 flail (weapon)
 n - a +0 mace of crushing
Missiles
 c - 3 throwing nets (quivered)
Armour
 b - a +0 hat (worn)
Jewellery
 j - an uncursed ring of flight {unknown}
 o - a cursed -3 ring of dexterity {unknown}
 s - an uncursed ring of protection from fire {unknown}
Scrolls
 e - a scroll of teleportation {unknown}
 h - 3 scrolls of identify {unknown}
 i - 2 scrolls of remove curse {unknown}
 q - a scroll of amnesia {unknown}
Potions
 f - a potion of lignification {unknown}
 g - a potion of berserk rage
 k - a potion of might {unknown}
 l - a potion of flight {unknown}
 m - a potion of degeneration {unknown}
 p - 2 potions of heal wounds {unknown}
Comestibles
 d - 3 rations
 r - 2 chunks of flesh


   Skills:
 + Level 3.1 Fighting
 * Level 4.3 Maces & Flails
 - Level 1.7 Throwing
 - Level 2.6 Dodging


You had 2 spell levels left.
You didn't know any spells.
Your spell library was empty.

Dungeon Overview and Level Annotations

Branches:
Dungeon (3/15)

Altars:
Vehumet

Annotations:
D:3 Jessica


Innate Abilities, Weirdness & Mutations

Your plain brown scales are hard. (AC +5)
You cannot fit into any form of body armour.
You are cold-blooded and may be slowed by cold attacks.


Message History

Jessica mumbles some strange words.
Jessica blinks!
Jessica gestures at you while chanting. Pain shoots through your body!
The dart slug launches a dart at you. The slug dart misses you.
You thump the dart slug!
The dart slug is severely wounded.
The dart slug barely misses you. Jessica gestures at you while chanting.
Pain shoots through your body!
* * * LOW HITPOINT WARNING * * *
It was a potion of berserk rage.
A red film seems to cover your vision as you go berserk!
You feel yourself moving faster!
You feel mighty!
You barely miss Jessica.
Jessica is lightly wounded.
Jessica points at you and mumbles some strange words.
Pain shoots through your body!
You die...

#........# #........#
..... #........# ☼.○.
#........# .○..
#........# .... #
#........# ..#
...###..w.....#
#.######......@@....#
#........###..#######
##..#####.##...#
........#.##..##
.....##.#.##..#
.###.##...##..# .#
#.###..##..#
.###.##.......#
...#.#......#...####


You could see a dart slug and Jessica.

Vanquished Creatures
  An adder (D:3)
  5 dart slugs
  4 leopard geckos
  7 bats
  3 giant cockroaches
  2 goblins
  3 hobgoblins
  2 jackals (D:2)
  5 kobolds
  A ball python (D:3)
  2 frilled lizards (D:1)
  A quokka skeleton (D:3)
  4 rats (D:1)
40 creatures vanquished.

Vanquished Creatures (others)
  A rat (D:3)
1 creature vanquished.

Grand Total: 41 creatures vanquished

Notes
Turn   | Place    | Note
-------+----------+-------------------------------------------
     0 | D:1      | Mrkan the Draconian Gladiator began the quest for the Orb.
     0 | D:1      | Reached XP level 1. HP: 17/17 MP: 1/1
    91 | D:1      | Reached XP level 2. HP: 23/25 MP: 2/2
   304 | D:1      | Reached XP level 3. HP: 21/30 MP: 3/3
   717 | D:2      | Reached skill level 4 in Maces & Flails
  1420 | D:3      | Found a radiant altar of Vehumet.
  1505 | D:3      | Noticed Jessica
  1518 | D:3      | Killed from afar by Jessica

Skill      XL: |  1  2  3 |
---------------+----------+-----
Maces & Flails | 4 |  4.3
Fighting       | 3 |  3.1
Throwing       | |  1.7
Dodging        | |  2.6

Action                   || total
-------------------------++-------
Melee: Flail             ||   106
       Tailslap          ||     5
  Use: Potion            ||     1
 Stab: Sleeping          ||     1
  Eat: Chunk             ||     2
Armor: Skin              ||    42
Dodge: Dodged            ||    71
